 Dungeon Crawl Stone Soup version 0.29-a0-885-gb26ba3297d (webtiles) character file.

Game seed: 17265322587772512043

994 frimble the Slasher (level 7, -6/46 HPs)
             Began as a Demonspawn Hedge Wizard on July 21, 2022.
             Was a Follower of Cheibriados.
             Mangled by Pikel
             ... wielding a +1 whip of electrocution
              (20 damage)
             ... on level 6 of the Dungeon.
             The game lasted 00:11:14 (6733 turns).

frimble the Slasher (Demonspawn Hedge Wizard)       Turns: 6733, Time: 00:11:14

Health: -6/46      AC:  7    Str: 12    XL:     7   Next: 99%
Magic:  10/11      EV: 12    Int: 17    God:    Cheibriados [*.....]
Gold:   236        SH:  0    Dex: 17    Spells: 9/12 levels left

rFire   . . .      SeeInvis .   p - +1 scimitar
rCold   . . .      Faith    .   (no shield)
rNeg    . . .      Spirit   .   f - +0 robe
rPois   .          Reflect  .   c - +2 hat
rElec   .          Harm     .   n - scarf {+Inv}
rCorr   .          Rampage  .   (no gloves)
Will    .....                   (no boots)
Stlth   ++........              (no amulet)
HPRegen 0.15/turn               (no ring)
MPRegen 0.12/turn               (no ring)

@: very slow
A: slimy green scales 2, icemail 1, condensation shield
a: Renounce Religion, Evoke Invisibility, Bend Time


You were on level 6 of the Dungeon.
You worshipped Cheibriados.
Cheibriados was aware of your devotion.
You visited 2 branches of the dungeon, and saw 8 of its levels.

You collected 236 gold pieces.

Inventory:

Hand Weapons
 a - a +0 dagger
 i - a +0 falchion
 p - a +1 scimitar (weapon)
Missiles
 h - 5 poisoned darts (quivered)
Armour
 c - a +2 hat (worn)
 f - a +0 robe (worn)
 n - a scarf of invisibility (worn)
Jewellery
 o - a ring of protection from cold
Wands
 g - a wand of roots (4)
Scrolls
 j - 7 scrolls of teleportation
Potions
 b - 2 potions of might
 d - a potion of magic
 e - 3 potions of brilliance
 k - 2 potions of flight
 l - a potion of resistance {unknown}
 m - 3 potions of curing {unknown}


   Skills:
 - Level 4.0(5.4) Short Blades
 + Level 5.5(6.2) Long Blades
 - Level 1.9 Throwing
 - Level 1.7 Dodging
 - Level 1.7 Stealth
 - Level 3.0 Spellcasting
 - Level 1.0 Conjurations
 - Level 1.0 Summonings
 - Level 2.1 Translocations
 - Level 3.2 Evocations


You had 9 spell levels left.
You knew the following spells:

 Your Spells              Type           Power      Damage    Failure   Level
a - Magic Dart            Conj           20%        1d4       12%         1
b - Blink                 Tloc           20%        N/A       11%         2

Your spell library contained the following spells:

 Spells                   Type           Power      Damage    Failure   Level
 Slow                     Hex            8%         N/A       17%         1
 Call Imp                 Summ           5%         N/A       17%         2
 Conjure Flame            Conj/Fire      4%         6-21      38%         3
 Mephitic Cloud           Conj/Pois/Air  3%         N/A       41%         3


Dungeon Overview and Level Annotations

Branches:
Dungeon (7/15)             Temple (1/1) D:4

Altars:
Ashenzari
Cheibriados
Dithmenos
Fedhas
Gozag
Hepliaklqana
Kikubaaqudgha
Makhleb
Nemelex Xobeh
Okawaru
Qazlal
Ru
Sif Muna
Trog
Uskayaw
Vehumet
Wu Jian
Xom
Yredelemnul

Annotations:
D:5 Sigmund
D:6 Pikel


Innate Abilities, Weirdness & Mutations

You are mostly covered in slimy green scales. (AC +3)
A meltable icy envelope protects you from harm. (AC +0)
A meltable shield of frost defends you. (SH +0)


Message History

Confirm with . or Enter, or press ? or * to list all spells.
You blink.
Pikel zaps a wand.
The puff of flame hits you.
Throw: 9 darts (poison)
Press: ? - help, Q - select action, (/) - cycle Shift-Dir - straight line, f - Pikel
Aim: Pikel, wielding a +1 whip of electrocution, wearing a +0 robe and carrying a wand of flame (4) (51% to hit)
You throw a poisoned dart. The poisoned dart hits Pikel.
Pikel is poisoned.
Throw: 8 darts (poison)
Press: ? - help, Q - select action, (/) - cycle Shift-Dir - straight line, f/p - Pikel
Aim: Pikel, wielding a +1 whip of electrocution, wearing a +0 robe and carrying a wand of flame (4) (poisoned, 51% to hit)
You throw a poisoned dart. The poisoned dart closely misses Pikel.
Throw: 7 darts (poison)
Press: ? - help, Q - select action, (/) - cycle Shift-Dir - straight line, f/p - Pikel
Aim: Pikel, wielding a +1 whip of electrocution, wearing a +0 robe and carrying a wand of flame (4) (poisoned, 51% to hit)
You throw a poisoned dart. The poisoned dart closely misses Pikel.
Throw: 6 darts (poison)
Press: ? - help, Q - select action, (/) - cycle Shift-Dir - straight line, f/p - Pikel
Aim: Pikel, wielding a +1 whip of electrocution, wearing a +0 robe and carrying a wand of flame (4) (poisoned, 51% to hit)
You throw a poisoned dart. The poisoned dart hits Pikel.
Pikel looks even sicker.
Aiming: Fastroot
Press: ? - help, Shift-Dir - straight line, f/p - Pikel
Aim: Pikel, wielding a +1 whip of electrocution, wearing a +0 robe and carrying a wand of flame (4) (lightly wounded, very poisoned)
The roots erupt in riotous growth!
Roots grab Pikel.
The grasping roots constrict Pikel!
Pikel misses you.
You hit Pikel but do no damage.
Pikel is moderately wounded.
You feel stable enough to blink again.
The grasping roots constrict Pikel.
The roots release their grip on Pikel.
Pikel hits you but does no damage.
You slash Pikel!
Pikel is heavily wounded.
Pikel misses you.
You slash Pikel!
Pikel is almost dead.
Pikel hits you with a +1 whip of electrocution.
You are electrocuted!
Pikel hits you with a +1 whip of electrocution.
You are electrocuted!!
You die...

############### ###
#....#........#####.#
#.#......#.##.......#############
.....)...#..#..####.#............
.........#..#..<(.#.#........####
.......###..#..#..#.#............
.......#....#.[...#.#.........##.
...#...#........K.#..............
.......#.#......@.##.......##.##.
#..#####.#.....#.................
...#####.......#.###.............
............([.>.# #........#....
.........#....#..####.###.#.#...#
.........#....#.......###.#......
.........#....#.##<........#...#.
.............##........#####.....
............)##........#######.#.


You could see Pikel (poisoned).

Vanquished Creatures
  An orc warrior (D:6)
  An ogre (D:5)
  3 lemures (D:6)
  A scorpion (D:6)
  8 wights (D:6)
  A hound (D:6)
  An orc priest (D:6)
  A gnoll bouda (D:4)
  An iguana (D:5)
  2 orc wizards (D:6)
  3 gnolls (D:4)
  6 adders
  A white imp (D:6)
  2 worms (D:2)
  A dart slug (D:4)
  5 orcs
  5 ball pythons
  6 endoplasms
  3 giant cockroaches
  9 goblins
  8 hobgoblins
  5 jackals (D:1)
  4 quokkas
  9 bats
  3 frilled lizards
  3 kobolds
  2 rats (D:2)
95 creatures vanquished.

Notes
Turn   | Place    | Note
-------+----------+-------------------------------------------
     0 | D:1      | frimble the Demonspawn Hedge Wizard began the quest for the
                  | Orb.
     0 | D:1      | Reached XP level 1. HP: 13/13 MP: 4/4
   203 | D:1      | Reached skill level 1 in Short Blades
   436 | D:1      | Gained mutation: A meltable shield of frost defends you.
                  | (SH +0) [demonic ancestry]
   436 | D:1      | Reached XP level 2. HP: 19/19 MP: 6/6
  1107 | D:2      | Gained mutation: A meltable icy envelope protects you from
                  | harm. (AC +0) [demonic ancestry]
  1107 | D:2      | Reached XP level 3. HP: 10/24 MP: 3/7
  2090 | D:2      | Gained mutation: You are partially covered in slimy green
                  | scales. (AC +2) [demonic ancestry]
  2090 | D:2      | Reached XP level 4. HP: 25/30 MP: 8/8
  2868 | D:3      | Learned a level 2 spell: Blink
  3345 | D:4      | Found a staircase to the Ecumenical Temple.
  3353 | Temple   | Entered the Ecumenical Temple
  3458 | Temple   | Became a worshipper of Cheibriados the Contemplative
  3547 | Temple   | Reached skill level 1 in Translocations
  4421 | D:4      | Reached skill level 1 in Throwing
  4421 | D:4      | Gained mutation: You are mostly covered in slimy green
                  | scales. (AC +3) [demonic ancestry]
  4421 | D:4      | Reached XP level 5. HP: 35/35 MP: 9/9
  4868 | D:5      | Entered Level 5 of the Dungeon
  4873 | D:5      | Noticed an ogre
  4919 | D:5      | Noticed a lemure
  4919 | D:5      | Noticed a lemure
  5090 | D:6      | Reached skill level 1 in Evocations
  5090 | D:6      | Reached XP level 6. HP: 41/41 MP: 10/10
  5134 | D:6      | Reached skill level 1 in Long Blades
  5464 | D:6      | Reached skill level 2 in Long Blades
  5464 | D:6      | Reached XP level 7. HP: 31/46 MP: 11/11
  5512 | D:5      | Reached skill level 3 in Long Blades
  5718 | D:6      | Reached skill level 4 in Long Blades
  6074 | D:6      | Found a basalt altar of Yredelemnul.
  6094 | D:6      | Reached * piety under Cheibriados
  6349 | D:6      | Reached skill level 5 in Long Blades
  6511 | D:5      | Noticed Pikel
  6514 | D:5      | Noticed Sigmund
  6733 | D:6      | Mangled by Pikel

Illustrated notes

Levels and vault maps discovered:
D:1:      erik_arrival_triangle_small, layout_loops_cross
D:2:      kennysheep_the_goblin_king, layout_loops_ring
D:3:      layout_rooms
D:4:      layout_loops_ring, minmay_temple_entry_stoned_glass,
          hangedman_abyss_or_decor_jellyfish_corner
D:5:      layout_rooms, interstate_on_off, kennysheep_generic_room_13,
          uniq_pikel, uniq_sigmund
D:6:      layout_basic, nicolae_overflow_crystal_walls
D:7:      layout_cave_pools, uniq_joseph
Temple:   kilobyte_greek_temple

Skill      XL: |  1  2  3  4  5  6  7 |
---------------+----------------------+-----
Short Blades   | 1 2 3 4 |  4.0
Translocations | 1 2 |  2.1
Throwing       | 1 |  1.9
Evocations     | 1 3 |  3.2
Long Blades    | 2 5 |  5.5
Dodging        | |  1.7
Stealth        | |  1.7
Spellcasting   | |  3.0
Conjurations   | |  1.0
Summonings     | |  1.0

Action                   |  1- 3 |  4- 6 |  7- 9 || total
-------------------------+-------+-------+-------++-------
Melee: Dagger            |   221 |   274 |       ||   495
       Punch             |     4 |     2 |     1 ||     7
       Scimitar          |       |    32 |    57 ||    89
Throw: Dart              |       |    30 |    25 ||    55
 Cast: Magic Dart        |    12 |     1 |       ||    13
       Blink             |       |     2 |     1 ||     3
Evoke: Wand              |       |    21 |     4 ||    25
  Use: Scroll            |     3 |     9 |     1 ||    13
       Potion            |     1 |     1 |     1 ||     3
 Stab: Sleeping          |     6 |     1 |       ||     7
Armor: Ring mail         |    78 |    70 |       ||   148
       Robe              |     8 |    91 |    21 ||   120
       Skin              |     3 |       |       ||     3
Dodge: Dodged            |    95 |   159 |    30 ||   284
Block: Other             |    27 |    49 |     7 ||    83

Table legend: (Time is in decaauts)
 A = Elapsed time spent in this place.
 B = Non-inter-level travel time spent in this place.
 C = Inter-level travel time spent in this place.
 D = Time resting spent in this place.
 E = Time spent auto-exploring this place.
 F = Levels seen in this place.
 G = Mean time per level.
                   A        B        C        D        E       F      G
               +--------+--------+--------+--------+--------+-----+--------+
         Total |   7137 |   6586 |    551 |    361 |   4969 |   8 |  892.1 |
       Dungeon |   6539 |   6095 |    444 |    361 |   4519 |   7 |  934.1 |
        Temple |    597 |    491 |    106 |      0 |    450 |   1 |  597.0 |
               +--------+--------+--------+--------+--------+-----+--------+

Top non-repeatable levels by time:
     D:6: 1824 daAuts
     D:2: 1452 daAuts
     D:4: 1250 daAuts
     D:1: 1158 daAuts
     D:3: 682 daAuts
  Temple: 597 daAuts
     D:5: 170 daAuts
     D:7: 1 daAuts
